 Dungeon Crawl Stone Soup version 0.30.0-29-ga12c61a403 (webtiles) character file.

Game seed: 9713662506197058368

2074 qw the Cleaver (level 9, -2/56 HPs)
             Began as a Gargoyle Fighter on June 4, 2023.
             Slain by an ogre
             ... wielding a +0 giant club
              (24 damage)
             ... on level 6 of the Dungeon.
             The game lasted 00:03:37 (5630 turns).

qw the Cleaver (Gargoyle Fighter)                   Turns: 5630, Time: 00:03:37

Health: -2/56      AC: 22    Str: 29    XL:     9   Next: 26%
Magic:  9/9        EV:  7    Int: 10    God:
Gold:   42         SH:  4    Dex:  9    Spells: 8/8 levels left

rFire   . . .        Y - +0 war axe (freeze)
rCold   . . .        c - +0 buckler
rNeg    + + .        i - +0 plate armour
rPois   inf          j - +0 helmet
rElec   +            m - scarf {repulsion}
rCorr   .            r - +0 pair of gloves
SInv    .            o - +0 pair of boots
Will    .....        (no amulet) Stlth
                     a - ring of positive energy
HPRegen 0.29/turn    b - +6 ring of strength
MPRegen 0.11/turn

%: repel missiles
@: no status effects
A: sickness immunity, AC +6, negative energy resistance 1, electricity
resistance, torment resistance 1, petrification resistance
a: no special abilities


You were on level 6 of the Dungeon.
You visited 2 branches of the dungeon, and saw 7 of its levels.

You collected 362 gold pieces.
You spent 320 gold pieces at shops.


Innate Abilities, Weirdness & Mutations

You are immune to sickness and miasma.
Your stone body is resilient. (AC +6)
You are immune to poison.
You resist negative energy. (rN+)
You are resistant to electric shocks. (rElec)
You are resistant to unholy torment.
You are immune to petrification.


   Skills:
 - Level 6.4 Fighting
 + Level 8.9 Axes
 - Level 1.3 Throwing
 - Level 5.3 Armour
 - Level 1.8 Dodging
 - Level 3.2 Shields


You had 8 spell levels left.
You didn't know any spells.
Your spell library was empty.

Inventory:

Hand Weapons
 q - a +0 hand axe of flaming
 Y - a +0 war axe of freezing (weapon)
Missiles
 g - a boomerang (quivered)
Armour
 c - a +0 buckler (worn)
 i - a +0 plate armour (worn)
 j - a +0 helmet (worn)
 m - a scarf of repulsion (worn)
 o - a +0 pair of boots (worn)
 p - a +1 cloak of stealth
 r - a +0 pair of gloves (worn)
Jewellery
 a - a ring of positive energy (left hand)
 b - a +6 ring of strength (right hand)
Wands
 k - a wand of digging (3)
Scrolls
 h - 3 scrolls of identify
Potions
 d - a potion of might
 e - a potion of magic
 f - a potion of attraction
 l - a potion of curing
 n - 2 potions of haste

Dungeon Overview and Level Annotations

Branches:
Dungeon (6/15)             Temple (1/1) D:6

Altars:
Cheibriados
Elyvilon
Fedhas
Gozag
Hepliaklqana
Nemelex Xobeh
Trog
Uskayaw
Wu Jian
Zin

Shops:
D:5 ?[[

Annotations:
D:5 1 runed translucent door, qw's ghost, novice GrFi


Message History

The orc warrior hits you but does no damage.
You hit the sky beast but do no damage.
The sky beast is severely wounded.
The sky beast hits you but does no damage.
The orc warrior barely misses you.
You closely miss the sky beast.
The sky beast is severely wounded.
The sky beast hits you. The sky beast shocks you. You resist.
You block the orc warrior's attack.
You miss the sky beast.
The sky beast is severely wounded.
The sky beast hits you but does no damage.
You block the orc warrior's attack.
You slice the sky beast!! You freeze the sky beast.
You kill the sky beast!
The orc warrior hits you from afar with a +0 halberd.
You hit the orc but do no damage. The orc hits you but does no damage.
The orc warrior hits you but does no damage.
You barely miss the orc. You block the orc's attack.
The orc warrior hits you from afar with a +0 halberd!
You barely miss the orc.
The orc warrior hits you but does no damage.
The orc hits you but does no damage.
You hit the orc. You freeze the orc.
You kill the orc!
The orc warrior hits you but does no damage.
The ogre barely misses you.
The orc warrior hits you from afar with a +0 halberd!
You hit the ogre. You freeze the ogre.
The ogre is moderately wounded.
The orc warrior hits you from afar with a +0 halberd.
You hit the ogre but do no damage.
The ogre is moderately wounded.
The ogre hits you with a +0 giant club. The orc warrior barely misses you.
You slash the ogre! You freeze the ogre.
The ogre is almost dead.
The ogre hits you with a +0 giant club!!
You die...

#.# #.####.# #.#
#...##.# #.#
###.##.#### #.#
#.##..... #.#
#####.#...... #.#
##............ #.#
#..#...#...... #.##
########..########...
#..# #.[)@..#..# .+
#.#. ##.#
#.8O#..#..#..# ###.
#.# #.$o#..#..#..# #.
###.###
#####..#..#..#######.
#.....#
#......#..#..$...#...
#...<.#
#......#..#.h....####
#.....#
#..#####..#####..
#.....#
#......#..#......
#.....#
#......#..#.....


You could see an orc warrior and an ogre.

Vanquished Creatures
  A water moccasin (D:5)
  3 black bears (D:6)
  2 sky beasts
  A centaur (D:6)
  2 ogres
  2 phantoms (D:5)
  A kobold brigand (D:6)
  A scorpion (D:6)
  4 wights (D:6)
  2 howler monkeys
  An orc priest (D:6)
  4 hounds
  3 jellies (D:6)
  A sleepcap (D:6)
  Natasha (D:2)
  4 iguanas
  4 orc wizards
  A gnoll (D:1)
  8 adders
  A white imp (D:5)
  5 worms
  2 dart slugs
  20 orcs
  7 ball pythons
  5 endoplasms
  2 giant cockroaches
  11 hobgoblins
  9 jackals
  3 quokkas
  4 bats
  2 frilled lizards
  13 goblins
  10 kobolds
  9 rats
149 creatures vanquished.

Vanquished Creatures (others)
  A wizard (D:6)
1 creature vanquished.

Grand Total: 150 creatures vanquished

Notes
Turn   | Place    | Note
-------+----------+-------------------------------------------
     0 | D:1      | qw the Gargoyle Fighter began the quest for the Orb.
     0 | D:1      | Reached XP level 1. HP: 14/14 MP: 1/1
     0 | D:1      | 0 ||| qw: Version: 0.2-a-107-g4668610
     0 | D:1      | 0 ||| qw: Game counter: 1304
     0 | D:1      | 0 ||| qw: Always use a shield: true
     0 | D:1      | 0 ||| qw: God list: Okawaru
     0 | D:1      | 0 ||| qw: Allow faded altars: false
     0 | D:1      | 0 ||| qw: Do Orc after D:15 true
     0 | D:1      | 0 ||| qw: Do second Lair branch before Depths: true
     0 | D:1      | 0 ||| qw: Lair rune preference: random
     0 | D:1      | 0 ||| qw: Plans: Normal, Zot:1-4, Slime:5, God:TSO, Crypt,
                  | Tomb, Abyss, Pan, Hells, Win
     0 | D:1      | 0 ||| PLANNING D:1-11
    71 | D:1      | Reached skill level 2 in Axes
    83 | D:1      | Reached XP level 2. HP: 15/19 MP: 2/2
   233 | D:1      | 233 ||| Stepping ~*~*~tactically~*~*~ (stealth).
   234 | D:1      | 234 ||| Stepping ~*~*~tactically~*~*~ (stealth).
   235 | D:1      | 235 ||| Stepping ~*~*~tactically~*~*~ (stealth).
  1060 | D:1      | Reached skill level 3 in Axes
  1060 | D:1      | Reached XP level 3. HP: 23/23 MP: 3/3
  1064 | D:1      | 1064 ||| DROPPING +0 club.
  1549 | D:2      | Found a faded altar of an unknown god.
  1560 | D:2      | Reached XP level 4. HP: 28/28 MP: 4/4
  1582 | D:2      | 1582 ||| Stepping ~*~*~tactically~*~*~ (stealth).
  1583 | D:2      | 1583 ||| Stepping ~*~*~tactically~*~*~ (stealth).
  1589 | D:2      | Reached skill level 4 in Axes
  1656 | D:2      | 1656 ||| Stepping ~*~*~tactically~*~*~ (stealth).
  1721 | D:2      | 1721 ||| Stepping ~*~*~tactically~*~*~ (stealth).
  1729 | D:2      | 1729 ||| Stepping ~*~*~tactically~*~*~ (stealth).
  1741 | D:2      | 1741 ||| Stepping ~*~*~tactically~*~*~ (stealth).
  1759 | D:2      | 1759 ||| FLEEEEING.
  1794 | D:2      | 1794 ||| Stepping ~*~*~tactically~*~*~ (stealth).
  1815 | D:2      | Noticed Natasha
  1816 | D:2      | 1816 ||| Stepping ~*~*~tactically~*~*~ (hiding).
  1827 | D:2      | Killed Natasha
  1971 | D:2      | 1971 ||| UPGRADING to +0 plate armour.
  1981 | D:2      | 1981 ||| DROPPING +0 scale mail.
  1982 | D:2      | 1982 ||| READING scroll labelled CARPHILLOSM.
  2049 | D:3      | Noticed a sky beast
  2053 | D:3      | 2053 ||| Stepping ~*~*~tactically~*~*~ (stealth).
  2054 | D:3      | 2054 ||| Stepping ~*~*~tactically~*~*~ (stealth).
  2083 | D:3      | Killed a sky beast
  2084 | D:3      | Reached skill level 5 in Axes
  2084 | D:3      | Reached XP level 5. HP: 23/32 MP: 5/5
  2136 | D:3      | 2136 ||| FLEEEEING.
  2137 | D:3      | 2137 ||| FLEEEEING.
  2138 | D:3      | 2138 ||| FLEEEEING.
  2139 | D:3      | 2139 ||| FLEEEEING.
  2140 | D:3      | 2140 ||| FLEEEEING.
  2145 | D:3      | 2145 ||| Stepping ~*~*~tactically~*~*~ (hiding).
  2204 | D:3      | Found a white marble altar of Elyvilon.
  2246 | D:3      | 2246 ||| DROPPING +0 whip.
  2331 | D:3      | Reached XP level 6. HP: 38/38 MP: 6/6
  2333 | D:3      | 2333 ||| Stepping ~*~*~tactically~*~*~ (stealth).
  2335 | D:3      | 2335 ||| Stepping ~*~*~tactically~*~*~ (hiding).
  2753 | D:3      | 2753 ||| Stepping ~*~*~tactically~*~*~ (stealth).
  2755 | D:3      | 2755 ||| Stepping ~*~*~tactically~*~*~ (hiding).
  2858 | D:3      | 2858 ||| UPGRADING to scarf of repulsion.
  2863 | D:3      | 2863 ||| UPGRADING to ring of positive energy.
  2864 | D:3      | 2864 ||| UPGRADING to +6 ring of strength.
  2865 | D:3      | 2865 ||| READING scroll labelled BOESTO IFEDEA.
  2868 | D:3      | 2868 ||| READING scroll labelled QAUDOC GOSEFO.
  2869 | D:3      | 2869 ||| READING scroll labelled GASUHU YZINGI.
  2870 | D:3      | 2870 ||| DRINKING 3 white potions.
  2871 | D:3      | 2871 ||| DRINKING 2 sedimented puce potions.
  2976 | D:3      | 2976 ||| DROPPING potion of berserk rage.
  3014 | D:4      | 3014 ||| Stepping ~*~*~tactically~*~*~ (hiding).
  3015 | D:4      | 3015 ||| Stepping ~*~*~tactically~*~*~ (hiding).
  3141 | D:4      | 3141 ||| Stepping ~*~*~tactically~*~*~ (stealth).
  3145 | D:4      | 3145 ||| Stepping ~*~*~tactically~*~*~ (stealth).
  3297 | D:4      | Identified the +1 ring mail of the Raven {Will+ Int+3}
  3539 | D:4      | Found a sparkling altar of Nemelex Xobeh.
  3603 | D:4      | 3603 ||| UPGRADING to +0 pair of boots.
  3608 | D:4      | 3608 ||| READING scroll labelled LAD ELOWEECOV.
  3609 | D:4      | 3609 ||| READING scroll labelled ECOCSO YLUTH.
  3610 | D:4      | 3610 ||| READING scroll labelled DOTEICI BIMI.
  3611 | D:4      | 3611 ||| READING scroll labelled YRUECA SINYR.
  3612 | D:4      | 3612 ||| READING scroll labelled ENWUGAUQUA.
  3613 | D:4      | 3613 ||| DRINKING 2 puce potions.
  3614 | D:4      | 3614 ||| DRINKING 3 glowing amethyst potions.
  3615 | D:4      | 3615 ||| READING 3 scrolls of identify.
  3615 | D:4      | 3615 ||| IDENTIFYING bubbling dark potion
  3616 | D:4      | 3616 ||| READING 2 scrolls of identify.
  3616 | D:4      | 3616 ||| IDENTIFYING fuming coppery potion
  3617 | D:4      | 3617 ||| DROPPING potion of flight.
  3618 | D:4      | 3618 ||| DROPPING potion of invisibility.
  3661 | D:5      | Entered Level 5 of the Dungeon
  3717 | D:5      | 3717 ||| Stepping ~*~*~tactically~*~*~ (stealth).
  3719 | D:5      | 3719 ||| Stepping ~*~*~tactically~*~*~ (stealth).
  3733 | D:5      | Reached skill level 6 in Axes
  3740 | D:5      | 3740 ||| DROPPING +0 flail.
  3747 | D:5      | Found a runed translucent door.
  3747 | D:5      | Noticed qw's ghost (novice GrFi)
  3788 | D:5      | Reached XP level 7. HP: 43/43 MP: 7/7
  3791 | D:5      | Found Epey's Antique Armour Shop.
  3801 | D:5      | Found Xokhla Dabu's Antique Armour Boutique.
  3802 | D:5      | 3802 ||| BUYING embroidered cloak (142 gold).
  3802 | D:5      | Bought an embroidered cloak for 142 gold pieces
  3802 | D:5      | 3802 ||| SHOPLISTING pair of glowing boots (142 gold, have
                  | 113).
  3823 | D:5      | Reached skill level 1 in Dodging
  3824 | D:5      | 3824 ||| SHOPLISTING crystal plate armour (2240 gold, have
                  | 113).
  3824 | D:5      | 3824 ||| SHOPLISTING pair of gloves (126 gold, have 113).
  3824 | D:5      | 3824 ||| SHOPLISTING runed scarf (224 gold, have 113).
  3826 | D:5      | 3826 ||| Stepping ~*~*~tactically~*~*~ (hiding).
  3828 | D:5      | 3828 ||| Stepping ~*~*~tactically~*~*~ (hiding).
  3830 | D:5      | 3830 ||| Stepping ~*~*~tactically~*~*~ (hiding).
  3831 | D:5      | 3831 ||| Stepping ~*~*~tactically~*~*~ (hiding).
  3835 | D:5      | 3835 ||| DRINKING 2 potions of curing.
  3835 | D:5      | 3835 ||| (to cure confusion)
  3839 | D:5      | 3839 ||| DRINKING potion of curing.
  3839 | D:5      | 3839 ||| (to cure confusion)
  3852 | D:5      | 3852 ||| FLEEEEING.
  3857 | D:5      | 3857 ||| FLEEEEING.
  3858 | D:5      | 3858 ||| FLEEEEING.
  3859 | D:5      | 3859 ||| FLEEEEING.
  3860 | D:5      | 3860 ||| STAIRDANCE
  3880 | D:4      | 3880 ||| DROPPING +1 cloak of preservation.
  3908 | D:5      | 3908 ||| BUYING pair of gloves (126 gold).
  3908 | D:5      | Bought a pair of gloves for 126 gold pieces
  3908 | D:5      | 3908 ||| DROPPING +0 morningstar.
  4001 | D:5      | Reached skill level 7 in Axes
  4030 | D:5      | Found Mebixt's Magic Scroll Boutique.
  4040 | D:5      | 4040 ||| SHOPLISTING 2 scrolls of brand weapon (247 gold,
                  | have 61).
  4040 | D:5      | 4040 ||| BUYING 2 scrolls of identify (52 gold).
  4040 | D:5      | Bought 2 scrolls of identify for 52 gold pieces
  4040 | D:5      | 4040 ||| SHOPLISTING scroll of enchant armour (97 gold,
                  | have 9).
  4040 | D:5      | 4040 ||| SHOPLISTING scroll of identify (26 gold, have 9).
  4040 | D:5      | 4040 ||| SHOPLISTING scroll of teleportation (39 gold, have
                  | 9).
  4042 | D:5      | 4042 ||| Stepping ~*~*~tactically~*~*~ (hiding).
  4193 | D:5      | 4193 ||| Stepping ~*~*~tactically~*~*~ (stealth).
  4224 | D:5      | Reached XP level 8. HP: 31/49 MP: 8/8
  4367 | D:5      | 4367 ||| UPGRADING to +0 helmet.
  4372 | D:5      | 4372 ||| UPGRADING to +0 pair of gloves.
  4377 | D:5      | 4377 ||| READING scroll labelled ASIZIC HO ILIU.
  4378 | D:5      | 4378 ||| READING 3 scrolls of identify.
  4378 | D:5      | 4378 ||| IDENTIFYING viscous inky potion
  4379 | D:5      | 4379 ||| READING 2 scrolls of identify.
  4379 | D:5      | 4379 ||| IDENTIFYING clear potion
  4431 | D:6      | Found a staircase to the Ecumenical Temple.
  4432 | D:6      | 4432 ||| PLANNING TEMPLE
  4440 | Temple   | Entered the Ecumenical Temple
  4539 | Temple   | 4539 ||| PLANNING D:1-11
  4738 | D:6      | Found a bloodstained altar of Trog.
  4804 | D:6      | HP: 11/49 [wight/+0 war axe (6)]
  4805 | D:6      | 4805 ||| READING scroll of teleportation.
  4806 | D:6      | 4806 ||| DRINKING 2 potions of heal wounds.
  4886 | D:6      | Noticed a wizard
  4889 | D:6      | Killed a wizard
  4937 | D:6      | 4937 ||| Stepping ~*~*~tactically~*~*~ (hiding).
  5281 | D:6      | 5281 ||| READING 4 scrolls of identify.
  5281 | D:6      | 5281 ||| IDENTIFYING golden potion
  5287 | D:6      | 5287 ||| DROPPING potion of degeneration.
  5300 | D:6      | Reached skill level 8 in Axes
  5308 | D:6      | 5308 ||| Stepping ~*~*~tactically~*~*~ (stealth).
  5341 | D:6      | HP: 12/51 [acid (4)]
  5341 | D:6      | HP: 5/51 [black bear (5)]
  5342 | D:6      | 5342 ||| DRINKING potion of heal wounds.
  5345 | D:6      | Reached skill level 6 in Fighting
  5346 | D:6      | HP: 4/52 [acid (2)]
  5357 | D:6      | 5357 ||| FLEEEEING.
  5423 | D:6      | Reached XP level 9. HP: 16/56 MP: 9/9
  5447 | D:6      | 5447 ||| FLEEEEING.
  5448 | D:6      | 5448 ||| FLEEEEING.
  5617 | D:6      | Reached skill level 1 in Throwing
  5630 | D:6      | Slain by an ogre

Levels and vault maps discovered:
D:1:      elethiomel_arrival_maze, layout_basic,
          nicolae_concentric_dashed_squares_mild, st_stairs_10
D:2:      layout_loops_ring, dreamdust_ecumenical_altar_statues,
          minmay_fractal_squares_gapless_5, uniq_natasha
D:3:      layout_basic, mainiacjoe_overflow_chevrons, minmay_crystal_room
D:4:      cheibrodos_greedy_goblins, layout_rooms, kennysheep_mini
D:5:      layout_rooms, hellmonk_ghost_happy_afterlife, serial_shops,
          shop_scrolls, shop, shop
D:6:      kennysheep_windowed_halls, layout_loops_ring, trog_wizard,
          minmay_temple_entry_statues_pillars
Temple:   hellmonk_temple_beads

Skill      XL: |  1  2  3  4  5  6  7  8  9 |
---------------+----------------------------+-----
Axes           | 2 3 5 6 7 8 |  8.9
Fighting       | 4 5 6 |  6.4
Dodging        | 1 |  1.8
Armour         | 5 |  5.3
Throwing       | 1 |  1.3
Shields        | |  3.2

Action                     |  1- 3 |  4- 6 |  7- 9 || total
---------------------------+-------+-------+-------++-------
  Melee: War axe           |    89 |   243 |   177 ||   509
    Use: Scroll            |       |    11 |     5 ||    16
         Potion            |       |     4 |     4 ||     8
 Armour: Scale mail        |    55 |    31 |       ||    86
         Plate armour      |       |   140 |   154 ||   294
  Dodge: Dodged            |    33 |    62 |    76 ||   171
         Repelled          |       |     2 |     2 ||     4
  Block: Buckler           |    12 |    38 |    40 ||    90

Table legend:
 A = Non-vault XP
 B = Vault XP
 C = Vault XP percentage of total XP
 D = Non-vault monster count
 E = Vault monster count
 F = Vault count percentage of total count
                 A         B        C        D         E       F
            +---------+---------+-------+---------+---------+-------
      Total |    1942 |    1021 |  34.5 |     119 |      30 |  20.1
            +---------+---------+-------+---------+---------+-------
        D:1 |      42 |       2 |   4.5 |      18 |       2 |  10.0
        D:2 |      75 |      39 |  34.2 |      28 |       3 |   9.7
        D:3 |     205 |       0 |   0.0 |      23 |       0 |   0.0
        D:4 |      59 |      21 |  26.2 |       9 |      11 |  55.0
        D:5 |     863 |       0 |   0.0 |      25 |       0 |   0.0
        D:6 |     698 |     959 |  57.9 |      16 |      14 |  46.7
            +---------+---------+-------+---------+---------+-------
